 Dungeon Crawl Stone Soup version 0.16-a0-1212-geefc3ab (webtiles) character file.

161 MackTheKnife the Sneak (level 5, -10/38 HPs)
             Began as a Vampire Gladiator on Oct 11, 2014.
             Killed from afar by a ball python (46 damage)
             ... with an exploding inner flame
             ... hexed by the player character
             ... on level 3 of the Dungeon on Oct 12, 2014.
             The game lasted 00:05:38 (2615 turns).

MackTheKnife the Sneak (Vampire Gladiator)          Turns: 2615, Time: 00:05:39

Health: -10/38     AC:  4    Str: 14    XL:     5   Next: 18%
Magic:  5/5        EV: 12    Int: 13    God:
Gold:   148        SH:  0    Dex: 14    Spells: 0 memorised, 4 levels left

rFire  . . .     SeeInvis +     v - +2 short sword (speed)
rCold  . . .     Clarity  .     b - +0 leather armour
rNeg   + . .     SustAb   .     (no shield)
rPois  +         Gourm    .     c - +0 helmet
rElec  .         Spirit   .     (no cloak)
rCorr  .         Warding  .     (no gloves)
rMut   .         Stasis   .     (no boots)
MR     .....                    (no amulet)
Stlth  ++++......               k - +2 ring of intelligence
                                g - ring of poison resistance

@: not resistant to hostile enchantments, stealthy
A: fangs 3, see invisible, unbreathing
a: Bat Form


You were on level 3 of the Dungeon.
You were not thirsty.

You visited 1 branch of the dungeon, and saw 3 of its levels.

You collected 148 gold pieces.


Innate Abilities, Weirdness & Mutations

You have razor-sharp teeth.
You have supernaturally acute eyesight.
You can survive without breathing.


   Skills:
 - Level 1.7 Fighting
 - Level 3.4 Short Blades
 - Level 1.5 Throwing
 - Level 3.2 Dodging
 + Level 7.7 Stealth


You had 4 spell levels left.
You didn't know any spells.

Inventory:

Hand weapons
 a - a +0 cutlass
 v - a +2 short sword of speed (weapon)
Missiles
 d - 3 throwing nets (quivered)
Armour
 b - a +0 leather armour (worn)
 c - a +0 helmet (worn)
 y - a +0 ring mail of fire resistance
Magical devices
 w - a wand of cold (8)
Scrolls
 i - 2 scrolls of magic mapping
 n - a scroll of teleportation {unknown}
 p - a scroll of fear {unknown}
 q - a scroll of enchant armour {unknown}
 s - a scroll of recharging {unknown}
 u - a scroll of immolation {!r}
Jewellery
 g - a ring of poison resistance (left hand)
 k - a +2 ring of intelligence (right hand)
Potions
 h - 2 potions of curing
 j - a potion of invisibility {unknown}
 l - a potion of cure mutation {unknown}
 o - a potion of restore abilities {unknown}
 t - a potion of heal wounds {unknown}
 z - 2 potions of agility {unknown}
 A - a potion of lignification {unknown}

▒·▒·▒▒▒···▒▒◦▒▒··h········◦░
▒···▒░▒···▒◦◦◦▒··▒▒········░
▒·▒▒▒▒····▒░◦▒▒h▒▒▒········░
▒······▒▒▒▒░+▒····▒········░
▒▒▒▒▒▒·▒▒▒·▒▒◦◦░░◦▒▒▒▒▒·········▒
▒····▒·▒▒▒·▒◦◦◦◦+░+◦£[▒▒········▒
▒·▒▒···▒▒··▒◦◦◦◦░░◦S···▒········▒
▒·▒▒(▒▒▒▒··▒▒◦◦▒▒▒brg··▒·h······▒
···(········▒▒▒▒V'lgb··▒········▒
▒·▒▒▒▒▒▒·▒······#▒▒oS!▒▒········▒
▒·░ ▒·····▒▒·····▒▒▒▒▒·········▒
··░ ▒▒·▒▒·▒▒·▒▒▒▒··············░
▒▒░ ▒····)··▒ ▒▒▒▒▒▒▒▒▒▒▒▒▒▒▒░
▒···<▒▒▒▒ ▒▒·▒▒▒ ▒·░ ░░░


You could see 2 adders, an orc (inner flame), a quokka, a hobgoblin (inner
flame), a goblin (inner flame), 2 bats and a giant newt (inner flame).


Message History

A giant newt, 2 bats, a quokka, a giant cockroach, 2 goblins, an orc and 3 snakes come into view.
Found nine items.
There are monsters nearby!
There are monsters nearby!
There are monsters nearby!
Evoke which item? (* to show all) (? for menu, Esc to quit)
Okay, then.
Read which item? (? for menu, Esc to quit)
Really read
u - 2 scrolls of immolation {!r}?
Read which item? (? for menu, Esc to quit)
As you read the scroll labeled KEUFFO DUETRIX, it crumbles to dust.
You feel blessed for a moment.
It was a scroll of remove curse.
The orc shouts!
The hobgoblin shouts!
The goblin shouts!
The quokka moves out of view.
Unknown command.
Unknown command.
Read which item? (? for menu, Esc to quit)
Really read
u - 2 scrolls of immolation {!r}?
As you read the scroll of immolation {!r}, it crumbles to dust.
The creatures around you are filled with an inner flame!
You closely miss the ball python. The ball python barely misses you.
The ball python grabs you. The ball python constricts you.
You hit the ball python.
The ball python is heavily wounded.
The ball python bites you. The ball python constricts you.
You hit the ball python.
The ball python explodes!
The fiery explosion engulfs you!
Ouch! That really hurt!
You die...

Action                   |  1- 3 |  4- 6 || total
-------------------------+-------+-------++-------
Melee: Cutlass           |    80 |    75 ||   155
       Short sword       |       |    16 ||    16
Throw: Throwing net      |     2 |       ||     2
  Use: Potion            |     1 |     2 ||     3
       Scroll            |     2 |     3 ||     5
 Stab: Sleeping          |     4 |     2 ||     6
       Distracted        |       |     1 ||     1
  Eat: Corpse            |     3 |     4 ||     7

Vault maps used:
D:1:      tarquinn_simple_flora_water_e
D:2:      zin_angel
D:3:      minmay_overflow_temple_hex, minmay_joined_circles, uniq_natasha,
          uniq_iyjb

Notes
Turn   | Place    | Note
--------------------------------------------------------------
     0 | D:1      | MackTheKnife, the Vampire Gladiator, began the quest for the Orb.
     0 | D:1      | Reached XP level 1. HP: 16/16 MP: 1/1
   144 | D:1      | Reached skill level 1 in Stealth
   168 | D:1      | Upgraded the game from 0.16-a0-1196-ged0958e to 0.16-a0-1212-geefc3ab
   251 | D:1      | Reached skill level 2 in Stealth
   287 | D:1      | Reached XP level 2. HP: 22/22 MP: 2/2
   434 | D:2      | Reached skill level 3 in Stealth
   625 | D:2      | Found a glowing silver altar of Zin.
   626 | D:2      | Noticed an angel
  1111 | D:3      | Reached skill level 4 in Stealth
  1111 | D:3      | Reached XP level 3. HP: 13/27 MP: 3/3
  1301 | D:3      | Reached skill level 5 in Stealth
  1310 | D:3      | Reached skill level 6 in Stealth
  1310 | D:3      | Reached XP level 4. HP: 24/33 MP: 4/4
  2138 | D:3      | Reached skill level 7 in Stealth
  2209 | D:3      | Noticed Natasha
  2544 | D:3      | Killed Natasha
  2544 | D:3      | Reached XP level 5. HP: 29/38 MP: 5/5
  2615 | D:3      | Killed from afar by a ball python

Vanquished Creatures
  2 orc wizards (D:3)
  Natasha (D:3)
  3 adders (D:3)
  A worm (D:3)
  2 giant geckos
  An ooze (D:3)
  7 orcs (D:3)
  2 giant cockroaches (D:1)
  3 hobgoblins (D:3)
  4 kobolds
  A quokka (D:2)
  2 bats
  2 giant newts (D:2)
  7 goblins
  9 rats
47 creatures vanquished.
